 Dungeon Sprint DCSS version 0.29-a0-352-g0917bc69df (webtiles) character file.

Game seed: 1811950281883506257

36669 mhtbhm the Minotaur Porcupine (level 13, -2/155 HPs)
             Began as a Minotaur Berserker on Apr 24, 2022.
             Was the Champion of Trog.
             Slain by a merfolk impaler
             ... wielding a +0 demon trident of electrocution
              (20 damage)
             ... in the Dungeon (Sprint IX: "|||||||||||||||||||||||||||||").
             The game lasted 00:07:18 (3643 turns).

mhtbhm the Minotaur Porcupine (Minotaur Berserker)  Turns: 3643, Time: 00:07:19

Health: -2/155     AC: 30    Str: 28    XL:     13   Next: 54%
Magic:  12/12      EV: 12    Int:  5    God:    Trog [******]
Gold:   37         SH:  0    Dex: 11    Spells: 12/12 levels left

rFire   + + .      SeeInvis +   a - +9 glaive of Fiklanid {vorpal, rPois SInv}
rCold   . . .      Faith    +   (shield currently unavailable)
rNeg    . . .      Spirit   .   b - +1 plate armour {rF+}
rPois   +          Reflect  .   (helmet restricted)
rElec   .          Harm     .   l - +0 cloak
rCorr   .          Rampage  .   k - +1 pair of gloves
Will    .....      NoTele   +   B - +1 pair of boots
Stlth   ..........              x - amulet of faith
HPRegen 0.35/turn               v - ring of the Octopus King {rF+ AC+1 EV+1 Str+1 Int+1 Dex+1}
MPRegen 0.13/turn               n - +2 ring of protection

@: on berserk cooldown, slowed, very slow
A: horns 2, retaliatory headbutt
a: Renounce Religion, Berserk, Trog's Hand, Brothers in Arms


You were in the Dungeon.
You worshipped Trog.
Trog was exalted by your worship.
You visited 1 branch You collected 1910 gold pieces.
You spent 1873 gold pieces at shops.

Inventory:

Hand Weapons
 a - the +9 glaive of Fiklanid (weapon) {vorpal, rPois SInv}
   (Trog gifted it to you in the Dungeon)

   It inflicts extra damage upon your enemies.
   rPois:     It protects you from poison.
   SInv:      It lets you see invisible.
 u - a +5 bardiche of flaming
 D - a +6 demon trident
 E - the +7 glaive of Exoneration {flame, rN+ rCorr}
   (Trog gifted it to you in the Dungeon)

   It burns those it strikes, dealing additional fire damage.
   Big, fiery blades are also staple armaments of hydra-hunters.
   rN:        It protects you from negative energy.
   rCorr:     It protects you from acid and corrosion.
 F - the +8 glaive of Punishment {vorpal, rCorr Str+3}
   (Trog gifted it to you in the Dungeon)

   It inflicts extra damage upon your enemies.
   Str:       It affects your strength (+3).
   rCorr:     It protects you from acid and corrosion.
Missiles
 t - 3 silver boomerangs (quivered)
Armour
 b - a +1 plate armour of fire resistance (worn)
 k - a +1 pair of gloves (worn)
 l - a +0 cloak (worn)
 B - a +1 pair of boots (worn)
 C - a +1 tower shield
Jewellery
 m - a ring of protection from cold
 n - a +2 ring of protection (right hand)
 v - a ring of the Octopus King (left hand) {rF+ AC+1 EV+1 Str+1 Int+1 Dex+1}
   (You bought it in a shop in the Dungeon)

   [ring of protection from fire]

   AC:        It affects your AC (+1).
   EV:        It affects your evasion (+1).
   Str:       It affects your strength (+1).
   Int:       It affects your intelligence (+1).
   Dex:       It affects your dexterity (+1).
   rF:        It protects you from fire.
 x - an amulet of faith (around neck)
 y - a ring of protection from cold
 z - a ring of willpower
Wands
 j - a wand of acid (7)
Scrolls
 h - 6 scrolls of blinking
 o - 2 scrolls of holy word
 p - 2 scrolls of identify
 q - 2 scrolls of fog
 r - 5 scrolls of enchant armour
 s - a scroll of immolation
 w - a scroll of acquirement
 A - 2 scrolls of enchant weapon
Potions
 c - 8 potions of curing
 d - 5 potions of heal wounds
 e - 4 potions of haste
 f - 4 potions of magic
 g - a potion of berserk rage
 i - a potion of invisibility


   Skills:
 + Level 25.8 Fighting
 O Level 27 Polearms
 + Level 19.1 Armour
 + Level 9.3 Dodging
 + Level 3.7 Stealth
 + Level 1.2 Evocations


You had 12 spell levels left.
You didn't know any spells.
Your spell library was empty.

Dungeon Overview and Level Annotations

Branches:
Dungeon (1/1)

Altars:
Cheibriados
Dithmenos
Elyvilon
Fedhas
Gozag
Hepliaklqana
Kikubaaqudgha
Makhleb
Nemelex Xobeh
Okawaru
Qazlal
Ru
Sif Muna
Trog
Uskayaw
Vehumet
Wu Jian
Xom
Yredelemnul
Zin
The Shining One
Beogh
Jiyva
Lugonu

Shops:
D [=?*


Innate Abilities, Weirdness & Mutations

You have a pair of horns on your head.
You reflexively headbutt those who attack you in melee.


Message History

* * * LOW HITPOINT WARNING * * *
You feel much better.
The snapping turtle hisses angrily.
The merfolk impaler hits you from afar with a +0 demon trident of electrocution.
* * * LOW HITPOINT WARNING * * *
The merfolk impaler hits you but does no damage.
Unknown command.
Aiming: Corrosive Bolt
Press: ? - help, Shift-Dir - straight line, f/p - merfolk impaler
Aim: a merfolk impaler, wielding a +0 demon trident of electrocution and wearing a +0 robe (moderately wounded, 43% to hit)
The bolt of acid hits the merfolk impaler!
The acid corrodes the merfolk impaler!
The merfolk impaler is heavily wounded.
The bolt of acid hits the alligator snapping turtle but does no damage.
The merfolk impaler hits you from afar with a +0 demon trident of electrocution!
* * * LOW HITPOINT WARNING * * *
The merfolk impaler hits you but does no damage.
The merfolk impaler closely misses you.
Unknown command.
Unknown command.
Aiming: Corrosive Bolt
Press: ? - help, Shift-Dir - straight line, f/p - merfolk impaler
Aim: a merfolk impaler, wielding a +0 demon trident of electrocution and wearing a +0 robe (moderately wounded, covered in acid, 43% to hit)
The bolt of acid misses the merfolk impaler.
The bolt of acid hits the alligator snapping turtle.
The acid corrodes the alligator snapping turtle!
The alligator snapping turtle is lightly wounded.
The bolt of acid hits the snapping turtle!
The acid corrodes the snapping turtle!
The snapping turtle is lightly wounded.
The merfolk impaler barely misses you. x2
Unknown command.
Unknown command.
Unknown command.
Your cyclops goes berserk!
The merfolk impaler hits you but does no damage. x2
The merfolk impaler hits you from afar with a +0 demon trident of electrocution!
* * * LOW HITPOINT WARNING * * *
You are electrocuted!!
You die...

▓.▓)▓.▓.▓.▓.▓.▓.
▓.▓.▓.▓.▓)▓.▓'▓.▓'
▓.▓.▓.▓.▓)▓.▓)▓.▓_
▓.▓.▓.▓.▓.▓.▓.▓.▓_
▓t▓.▓.▓.▓.▓.▓.▓.▓_
▓t▓.▓)▓.▓.▓.▓.▓.▓_
▓m▓.▓.▓.▓.▓.▓.▓.▓_
▓C▓.▓.▓.▓.▓.▓.▓.▓_
▓@▓.▓.▓.▓.▓.▓.▓.▓_
▓.▓.▓!▓.▓.▓.▓.▓.▓_
▓.▓.▓.▓.▓.▓.▓.▓.▓_
▓.▓.▓.▓.▓.▓.▓)▓.▓_
▓.▓.▓.▓.▓)▓.▓.▓.▓_
▓)▓.▓[▓.▓)▓.▓.▓.▓_
▓)▓.▓[▓.▓)▓.▓.▓.▓_
▓)▓.▓[▓.▓)▓.▓.▓.▓_
▓)▓.▓[▓.▓.▓.▓.▓.▓_


You could see an alligator snapping turtle (corroded), a merfolk impaler
(corroded, ally target), a snapping turtle (corroded) and a friendly cyclops
(summoned, berserk).

Vanquished Creatures
  Donald (D)
  A frost giant (D)
  An emperor scorpion (D)
  A ghost moth (D)
  A very ugly thing (D)
  Azrael (D)
  A spark wasp (D)
  Josephine (D)
  A boulder beetle (D)
  A rakshasa (D)
  An ice dragon (D)
  An alligator snapping turtle (D)
  2 naga warriors (D)
  2 naga sharpshooters (D)
  A deep troll shaman (D)
  A tengu warrior (D)
  3 shock serpents (D)
  2 sun moths (D)
  4 sea snakes (D)
  6 orc knights (D)
  A deep elf pyromancer (D)
  A wolf spider (D)
  3 ugly things (D)
  A salamander (D)
  4 orc sorcerers (D)
  2 manticores (D)
  2 black mambas (D)
  4 cane toads (D)
  A demonic crawler (D)
  An efreet (D)
  A troll (D)
  A wind drake (D)
  A polar bear (D)
  A polar bear (shapeshifter) (D)
  A tarantella (D)
  2 blink frogs (D)
  5 wraiths (D)
  A wyvern (D)
  A shadow (D)
  3 fire elementals (D)
  4 yaks (D)
  A basilisk (D)
  A redback (D)
  2 vampire mosquitoes (D)
  A warg (D)
  2 water moccasins (D)
  8 orc warriors (D)
  7 hell hounds (D)
  4 wolves (D)
  A centaur (D)
  A phantom (D)
  2 bullfrogs (D)
  A howler monkey (D)
  A jelly (D)
  3 orc priests (D)
  4 orc wizards (D)
  A gnoll (D)
  An adder (D)
  An ufetubus (D)
  10 orcs (D)
  A goblin (D)
  A quokka (D)
  3 kobolds (D)
131 creatures vanquished.

Vanquished Creatures (collateral kills)
  A centaur warrior (D)
  A deep troll earth mage (D)
  An orc high priest (D)
  2 orc knights (D)
  2 orc sorcerers (D)
7 creatures vanquished.

Grand Total: 138 creatures vanquished

Notes
Turn   | Place    | Note
-------+----------+-------------------------------------------
     0 | D        | mhtbhm the Minotaur Berserker began the quest for the Orb.
     0 | D        | Reached XP level 1. HP: 19/19 MP: 0/0
     6 | D        | Reached skill level 4 in Polearms
    12 | D        | Reached ** piety under Trog
    93 | D        | Noticed a jelly
    93 | D        | Noticed a phantom
    99 | D        | Killed a phantom
   100 | D        | Reached skill level 7 in Polearms
   100 | D        | Reached XP level 2. HP: 34/34 MP: 1/1
   100 | D        | Reached XP level 3. HP: 39/39 MP: 2/2
   100 | D        | Reached XP level 4. HP: 47/47 MP: 3/3
   100 | D        | Reached *** piety under Trog
   109 | D        | Reached skill level 8 in Polearms
   174 | D        | Found a snail-covered altar of Cheibriados.
   174 | D        | Found a shadowy altar of Dithmenos.
   174 | D        | Found a white marble altar of Elyvilon.
   174 | D        | Found a blossoming altar of Fedhas.
   174 | D        | Found an opulent altar of Gozag.
   175 | D        | Found a hazy altar of Hepliaklqana.
   176 | D        | Found a viscous altar of Jiyva.
   177 | D        | Found an ancient bone altar of Kikubaaqudgha.
   178 | D        | Found a corrupted altar of Lugonu.
   179 | D        | Found a burning altar of Makhleb.
   180 | D        | Found a sparkling altar of Nemelex Xobeh.
   181 | D        | Found an iron altar of Okawaru.
   182 | D        | Found a stormy altar of Qazlal.
   183 | D        | Found a sacrificial altar of Ru.
   184 | D        | Found a shimmering blue altar of Sif Muna.
   185 | D        | Found a bloodstained altar of Trog.
   186 | D        | Found a hide-covered altar of Uskayaw.
   187 | D        | Found a radiant altar of Vehumet.
   188 | D        | Found an ornate altar of the Wu Jian Council.
   189 | D        | Found a shimmering altar of Xom.
   190 | D        | Found a basalt altar of Yredelemnul.
   191 | D        | Found a glowing silver altar of Zin.
   192 | D        | Found a glowing golden altar of the Shining One.
   249 | D        | Noticed a troll
   249 | D        | Noticed a vampire mosquito
   249 | D        | Noticed a vampire mosquito
   249 | D        | Noticed a shadow
   249 | D        | Noticed a centaur
   249 | D        | Noticed a wraith
   255 | D        | Killed a wraith
   255 | D        | Reached **** piety under Trog
   256 | D        | Reached skill level 10 in Fighting
   256 | D        | Reached skill level 10 in Polearms
   256 | D        | Reached skill level 5 in Armour
   256 | D        | Reached XP level 5. HP: 58/58 MP: 4/4
   256 | D        | Reached XP level 6. HP: 66/66 MP: 5/5
   258 | D        | Reached skill level 11 in Polearms
   262 | D        | Killed a shadow
   263 | D        | Reached skill level 12 in Polearms
   263 | D        | Reached skill level 5 in Dodging
   263 | D        | Reached XP level 7. HP: 54/74 MP: 6/6
   263 | D        | Killed a vampire mosquito
   264 | D        | Reached skill level 13 in Polearms
   266 | D        | Killed a vampire mosquito
   278 | D        | Killed a troll
   279 | D        | Reached skill level 14 in Polearms
   308 | D        | Noticed a manticore
   308 | D        | Noticed a manticore
   308 | D        | Noticed a brown ugly thing
   308 | D        | Noticed a basilisk
   314 | D        | Killed a brown ugly thing
   314 | D        | Reached ***** piety under Trog
   315 | D        | Reached skill level 15 in Polearms
   315 | D        | Reached XP level 8. HP: 75/88 MP: 7/7
   322 | D        | Killed a manticore
   323 | D        | Reached skill level 16 in Polearms
   328 | D        | Killed a manticore
   329 | D        | Reached skill level 17 in Polearms
   329 | D        | Reached XP level 9. HP: 84/96 MP: 8/8
   330 | D        | Reached skill level 15 in Fighting
   334 | D        | Received a gift from Trog
   481 | D        | Noticed a cane toad
   483 | D        | Noticed a cane toad
   484 | D        | Killed a cane toad
   489 | D        | Reached skill level 18 in Polearms
   494 | D        | Killed a cane toad
   494 | D        | Reached ****** piety under Trog
   494 | D        | Received a gift from Trog
   495 | D        | Noticed a polar bear
   501 | D        | Killed a polar bear
   609 | D        | Noticed a black mamba
   609 | D        | Noticed a cane toad
   609 | D        | Noticed a cane toad
   611 | D        | Reached skill level 19 in Polearms
   613 | D        | Killed a cane toad
   614 | D        | Reached XP level 10. HP: 108/108 MP: 9/9
   615 | D        | Killed a cane toad
   616 | D        | Reached skill level 10 in Armour
   617 | D        | Killed a black mamba
   619 | D        | Reached skill level 20 in Polearms
   623 | D        | Identified the +7 glaive of Exoneration {flame, rN+ rCorr}
                  | (Trog gifted it to you in the Dungeon)
   623 | D        | Received a gift from Trog
   720 | D        | Received a gift from Trog
   726 | D        | Reached skill level 21 in Polearms
   893 | D        | Noticed an orc knight
   901 | D        | Killed an orc knight
   905 | D        | Received a gift from Trog
   921 | D        | Received a gift from Trog
   962 | D        | Noticed an orc knight
   965 | D        | Noticed an orc knight
   973 | D        | Noticed an orc sorcerer
   974 | D        | Killed an orc knight
   975 | D        | Reached XP level 11. HP: 121/121 MP: 10/10
   979 | D        | Killed an orc knight
   980 | D        | Reached skill level 22 in Polearms
   981 | D        | Noticed an orc knight
   984 | D        | Received a gift from Trog
   986 | D        | Killed an orc sorcerer
   992 | D        | Noticed an orc knight
  1004 | D        | Killed an orc knight
  1149 | D        | Killed an orc knight
  1588 | D        | Found Kelyi's General Store.
  1588 | D        | Noticed an orc knight
  1588 | D        | Noticed an orc sorcerer
  1588 | D        | Noticed an orc sorcerer
  1590 | D        | Killed an orc sorcerer
  1591 | D        | Noticed an orc sorcerer
  1595 | D        | Killed an orc sorcerer
  1595 | D        | Received a gift from Trog
  1596 | D        | Reached skill level 1 in Stealth
  1598 | D        | Found Joezureg's Magic Scroll Shop.
  1598 | D        | Noticed an orc knight
  1601 | D        | Killed an orc knight
  1602 | D        | Reached skill level 23 in Polearms
  1602 | D        | Killed an orc sorcerer
  1603 | D        | Found Foddaass's Jewellery Boutique.
  1605 | D        | Noticed an orc sorcerer
  1607 | D        | Noticed an orc sorcerer
  1611 | D        | Killed an orc knight
  1622 | D        | Killed an orc sorcerer
  1623 | D        | Killed an orc sorcerer
  1623 | D        | Received a gift from Trog
  1628 | D        | Noticed an orc high priest
  1631 | D        | Killed an orc high priest
  1850 | D        | Found Porpheh's Armour Shop.
  1878 | D        | Bought a ring of the Octopus King {rF+ AC+1 EV+1 Str+1
                  | Int+1 Dex+1} for 513 gold pieces
  1878 | D        | Found the ring of the Octopus King {rF+ AC+1 EV+1 Str+1
                  | Int+1 Dex+1}
  1881 | D        | Bought a scroll of acquirement for 520 gold pieces
  1881 | D        | Bought a scroll of holy word for 75 gold pieces
  1881 | D        | Bought a scroll of enchant armour for 75 gold pieces
  1881 | D        | Bought a scroll of enchant armour for 75 gold pieces
  1891 | D        | Bought an amulet of faith for 440 gold pieces
  1903 | D        | Bought a scroll of enchant armour for 105 gold pieces
  1903 | D        | Bought a potion of heal wounds for 70 gold pieces
  1940 | D        | Noticed Josephine
  1945 | D        | Killed Josephine
  2111 | D        | Noticed a deep elf pyromancer
  2111 | D        | Noticed a green ugly thing
  2111 | D        | Noticed a boulder beetle
  2111 | D        | Noticed a tengu warrior
  2117 | D        | Killed a tengu warrior
  2117 | D        | Identified the +8 glaive of Punishment {vorpal, rCorr
                  | Str+3} (Trog gifted it to you in the Dungeon)
  2117 | D        | Received a gift from Trog
  2118 | D        | Noticed a centaur warrior
  2121 | D        | Killed a boulder beetle
  2122 | D        | Reached XP level 12. HP: 126/136 MP: 11/11
  2128 | D        | Reached skill level 24 in Polearms
  2128 | D        | Noticed a deep troll earth mage
  2142 | D        | Killed a centaur warrior
  2144 | D        | Received a gift from Trog
  2144 | D        | Noticed a deep troll shaman
  2145 | D        | Reached skill level 15 in Armour
  2146 | D        | Killed a deep troll earth mage
  2151 | D        | Killed a deep troll shaman
  2162 | D        | Received a gift from Trog
  2192 | D        | Noticed a frost giant
  2192 | D        | Noticed a purple very ugly thing
  2234 | D        | Killed a frost giant
  2234 | D        | Received a gift from Trog
  2239 | D        | Killed a purple very ugly thing
  2258 | D        | Noticed an ice dragon
  2675 | D        | Killed an ice dragon
  2903 | D        | Noticed a rakshasa
  2909 | D        | Killed a rakshasa
  2953 | D        | Noticed Azrael
  2961 | D        | Received a gift from Trog
  2962 | D        | Reached skill level 25 in Polearms
  2966 | D        | Killed Azrael
  2975 | D        | Noticed Donald
  2987 | D        | Killed Donald
  2987 | D        | Identified the +9 glaive of Fiklanid {vorpal, rPois SInv}
                  | (Trog gifted it to you in the Dungeon)
  2987 | D        | Received a gift from Trog
  3159 | D        | Noticed a spark wasp
  3166 | D        | Noticed an emperor scorpion
  3168 | D        | Noticed a ghost moth
  3176 | D        | Killed a spark wasp
  3177 | D        | Reached skill level 1 in Evocations
  3177 | D        | Reached XP level 13. HP: 150/150 MP: 0/12
  3179 | D        | Received a gift from Trog
  3184 | D        | Killed an emperor scorpion
  3188 | D        | Killed a ghost moth
  3189 | D        | Reached skill level 26 in Polearms
  3373 | D        | Received a gift from Trog
  3396 | D        | Received a gift from Trog
  3614 | D        | Noticed a merfolk impaler
  3620 | D        | Reached skill level 27 in Polearms
  3632 | D        | Received a gift from Trog
  3643 | D        | Slain by a merfolk impaler

Illustrated notes

Levels and vault maps discovered:
D:        linesprint [early_d, line_temple, items_1, d_10, items_2, lair_1,
          lair_end, items_3, orc_1, orc_end, items_4, d_15, swamp_1, shoals_1,
          snake_1, spider_1, d_20, vaults_1, items_5, swamp_end, shoals_end,
          snake_end, spider_end, vaults_end, d_27, items_6, zot_1, zot_end,
          crypt_end, forest_end, elf_end, slime_end, tomb_end, abyss_end,
          pan_hell_end]

Skill      XL: |  1  2  3  4  5  6  7  8  9 10 11 12 13 |
---------------+----------------------------------------+-----
Fighting       | 7 10 11 13 14 16 18 21 23 25 | 25.8
Polearms       | 7 10 12 15 17 19 21 23 25 27 | 27.0
Armour         | 4 5 6 7 8 9 11 14 17 19 | 19.1
Dodging        | 3 4 5 6 7 8 9 |  9.3
Stealth        | 1 3 |  3.7
Evocations     | 1 |  1.2

Action                   |  1- 3 |  4- 6 |  7- 9 | 10-12 | 13-15 || total
-------------------------+-------+-------+-------+-------+-------++-------
Melee: Spear             |    17 |     8 |       |       |       ||    25
       Headbutt          |     1 |       |     7 |    33 |     8 ||    49
       Halberd           |       |    11 |    36 |       |       ||    47
       Glaive            |       |       |    21 |   221 |    73 ||   315
Invok: Berserk           |     1 |     1 |     1 |     7 |     2 ||    12
       Brothers in Arms  |       |       |       |     3 |     1 ||     4
Evoke: Wand              |       |       |       |     1 |     2 ||     3
  Use: Potion            |       |       |     1 |     1 |     1 ||     3
       Scroll            |       |       |       |     1 |       ||     1
Armor: Animal skin       |     1 |       |       |       |       ||     1
       Chain mail        |       |     4 |    30 |    15 |       ||    49
       Storm dragon scal |       |       |       |    20 |       ||    20
       Plate armour      |       |       |       |     2 |    42 ||    44
Dodge: Dodged            |     7 |     3 |    35 |    44 |    19 ||   108

Table legend: (Time is in decaauts)
 A = Elapsed time spent in this place.
 B = Non-inter-level travel time spent in this place.
 C = Inter-level travel time spent in this place.
 D = Time resting spent in this place.
 E = Time spent auto-exploring this place.
 F = Levels seen in this place.
 G = Mean time per level.
                   A        B        C        D        E       F      G
               +--------+--------+--------+--------+--------+-----+--------+
         Total |   3616 |   3616 |      0 |   1434 |    780 |   1 | 3616.0 |
       Dungeon |   3616 |   3616 |      0 |   1434 |    780 |   1 | 3616.0 |
               +--------+--------+--------+--------+--------+-----+--------+

Top non-repeatable levels by time:
       D: 3616 daAuts
